 Dungeon Crawl Stone Soup version 0.29.1-2-gbd0b4ee654 (webtiles) character file.

Game seed: 2520064006046040161

8 GorkyZ the Shield-Bearer (level 2, 0/24 HPs)
             Began as a Formicid Fighter on Nov 21, 2022.
             Slain by a quokka (1 damage)
             ... on level 1 of the Dungeon.
             The game lasted 00:00:46 (147 turns).

GorkyZ the Shield-Bearer (Formicid Fighter)          Turns: 147, Time: 00:00:47

Health: 0/24       AC:  6    Str: 20    XL:     2   Next: 15%
Magic:  2/2        EV:  9    Int:  7    God:
Gold:   26         SH:  5    Dex: 13    Spells: 1/1 levels left

rFire   . . .      SeeInvis +   a - +0 trident
rCold   . . .      Faith    .   c - +0 buckler
rNeg    . . .      Spirit   .   b - +0 scale mail
rPois   .          Reflect  .   (helmet unavailable)
rElec   .          Harm     .   (no cloak)
rCorr   .          Rampage  .   (no gloves)
Will    .....                   (no boots)
Stlth   ..........              (no amulet)
HPRegen 0.08/turn               (no ring)
MPRegen 0.08/turn               (no ring)

@: no status effects
A: permanent stasis, dig shafts and tunnels, antennae 3, four strong arms
a: Dig, Shaft Self


You were on level 1 of the Dungeon.
You visited 1 branch of the dungeon, and saw 1 of its levels.

You collected 26 gold pieces.

Inventory:

Hand Weapons
 a - a +0 trident (weapon)
Armour
 b - a +0 scale mail (worn)
 c - a +0 buckler (worn)
Jewellery
 e - an amulet of magic regeneration
Potions
 d - a potion of might


   Skills:
 + Level 3.3 Fighting
 + Level 2.1 Polearms
 + Level 0.2 Throwing
 + Level 3.3 Armour
 * Level 0.5 Dodging
 + Level 4.1 Shields
 + Level 0.3 Evocations


You had one spell level left.
You didn't know any spells.
Your spell library was empty.

Dungeon Overview and Level Annotations

Branches:
Dungeon (1/15)

Altars:


Innate Abilities, Weirdness & Mutations

You cannot be hasted, slowed, berserked, paralysed or teleported.
You can dig through walls and to a lower floor.
You have a pair of large antennae on your head. (SInv)
Your four strong arms can wield two-handed weapons with a shield.


Message History

* * * LOW HITPOINT WARNING * * *
The jackal barely misses you. You block the jackal's attack.
You barely miss the jackal.
The jackal is heavily wounded.
The giant cockroach waves its antennae.
The quokka bites you but does no damage.
The jackal bites you but does no damage.
The jackal closely misses you. The frilled lizard closely misses you.
The quokka bites you.
* * * LOW HITPOINT WARNING * * *
You closely miss the jackal.
The jackal is heavily wounded.
The jackal bites you but does no damage. x2
The frilled lizard bites you but does no damage.
You block the quokka's attack.
The jackal bites you but does no damage.
The jackal barely misses you.
You closely miss the jackal.
The jackal is heavily wounded.
The jackal completely misses you.
The jackal bites you but does no damage.
The quokka bites you but does no damage.
You block the frilled lizard's attack.
The jackal bites you but does no damage.
The jackal barely misses you.
The frilled lizard bites you but does no damage.
The quokka twitches its whiskers.
The quokka bites you.
* * * LOW HITPOINT WARNING * * *
You hit the jackal.
You kill the jackal!
The jackal bites you but does no damage.
The quokka misses you.
The frilled lizard completely misses you.
The jackal bites you but does no damage. x2
You block the frilled lizard's attack.
You see here a jackal corpse.
The jackal attacks as you move away! You block the jackal's attack.
The quokka attacks as you move away! The quokka bites you.
You die...

...†...####..♣ #.# #...#
.#.P.P...#...♣# #.# #...#
...♣.♣...'...P# +.# #...#
..P......'..<♣# +.# #...#
#......P.#P..P# #.########...###
##.....####..P# ##.##............
##..♣P.#.P#.♣P###†...............
.....♣.#♣.'.P###rh..........†....
...♣...#P#######@lB#.######...###
##.P...## ##..#.#.# #†#.#
##.....#######..##.#.# .###{.
##.#..###.......##.#.# # .r~
##....##..#####.##.#.# ~.
.....##...#####......# .
####....#.......##.### .
####.......###..##.#
........#..#.......#


You could see a quokka, a jackal, a giant cockroach and a frilled lizard.

Vanquished Creatures
  A goblin (D:1)
  2 jackals (D:1)
  A quokka (D:1)
  2 ball pythons (D:1)
  A rat (D:1)
7 creatures vanquished.

Notes
Turn   | Place    | Note
-------+----------+-------------------------------------------
     0 | D:1      | GorkyZ the Formicid Fighter began the quest for the Orb.
     0 | D:1      | Reached XP level 1. HP: 18/18 MP: 1/1
   139 | D:1      | Reached XP level 2. HP: 14/24 MP: 2/2
   144 | D:1      | HP: 1/24 [quokka (3)]
   147 | D:1      | Slain by a quokka

Illustrated notes

Levels and vault maps discovered:
D:1:      denvon_arrival_planthouse, layout_loops_cross,
          shapermc_ecumenical_altar_acropolis

Action                   || total
-------------------------++-------
Melee: Trident           ||    23
Armor: Scale mail        ||    36
Dodge: Dodged            ||    27
Block: Buckler           ||    15
